 Dungeon Crawl Stone Soup version 0.29-a0-721-g7f417c9bbb (webtiles) character file.

Game seed: 17075149995914188160

91067 dolemite99 the Slicer (level 15, 0/122 HPs)
             Began as a Demonspawn Monk on June 28, 2022.
             Was an Initiate of Gozag.
             Slain by an orc warrior
             ... wielding a +0 halberd
             ... led by an orc high priest
              (4 damage)
             ... on level 2 of the Orcish Mines.
             The game lasted 00:50:50 (38789 turns).

dolemite99 the Slicer (Demonspawn Monk)            Turns: 38789, Time: 00:50:51

Health: 0/122      AC: 17    Str: 12    XL:     15   Next: 54%
Magic:  15/15      EV: 12    Int: 16    God:    Gozag
Gold:   810        SH:  6    Dex: 22    Spells: 5/14 levels left

rFire   + . .      SeeInvis +   t - +3 greatsling "Punk" {acid, rCorr}
rCold   + . .      Faith    .   W - +0 buckler
rNeg    . . .      Spirit   .   C - +0 scale mail {Will+}
rPois   +          Reflect  .   q - +0 helmet
rElec   +          Harm     .   y - +0 cloak of the Beggar {Int+4}
rCorr   +          Rampage  .   n - +1 pair of gloves
Will    ++...                   (boots unavailable)
Stlth   +++.......              (no amulet)
HPRegen 0.30/turn               v - ring of see invisible
MPRegen 0.14/turn               r - +4 ring of protection {=R}

@: resistant, gold aura
A: hooves 3, icemail 2, sharp scales 1, condensation shield, corrupting presence
1
a: Renounce Religion, Potion Petition, Call Merchant, Bribe Branch


You were on level 2 of the Orcish Mines.
You worshipped Gozag.
Gozag was pleased with you.
You visited 3 branches of the dungeon, and saw 20 of its levels.

You collected 7446 gold pieces.
You spent 1304 gold pieces at shops.
You paid 5332 gold pieces to Gozag.

Inventory:

Hand Weapons
 a - the +11 sling "Xinuat" {flame, rCorr MP+9 Str-2 Int-3}
   (You took it off a centaur on level 9 of the Dungeon)

   Any ammunition fired from it burns those it strikes, dealing additional fire
   damage.
   Str:       It affects your strength (-2).
   Int:       It affects your intelligence (-3).
   MP:        It affects your magic capacity (+9).
   rCorr:     It protects you from acid and corrosion.
 b - a +1 rapier of venom
 t - the +3 greatsling "Punk" (weapon) {acid, rCorr}
   (You bought it in a shop on level 10 of the Dungeon)

   Any ammunition fired from it is coated in acid, damaging and corroding those
   it strikes.
   rCorr:     It protects you from acid and corrosion.
 w - the +3 scimitar of Misery {vorpal, Fragile rC++ Int+3}
   (You bought it in a shop on level 8 of the Dungeon)

   It inflicts extra damage upon your enemies.
   Int:       It affects your intelligence (+3).
   rC:        It greatly protects you from cold.
   Fragile:   It will be destroyed if unequipped.
 x - a +0 sling
 A - a +0 spear of protection
Missiles
 d - 38 poisoned darts
 K - 17 boomerangs
 N - 6 atropa-tipped darts
Armour
 e - a +0 pair of boots
 i - a +2 leather armour of fire resistance
 n - a +1 pair of gloves (worn)
 q - a +0 helmet (worn)
 y - the +0 cloak of the Beggar (worn) {Int+4}
   (You found it on level 6 of the Dungeon)

   Int:       It affects your intelligence (+4).
 C - a +0 scale mail of willpower (worn)
 D - a +2 ring mail of positive energy
 W - a +0 buckler (worn)
Magical Staves
 f - a staff of air
Jewellery
 r - a +4 ring of protection (right hand) {=R}
 v - a ring of see invisible (left hand)
 F - a ring of willpower
 V - a ring of magical power
Wands
 u - a wand of flame (76)
 U - a wand of polymorph (4)
Scrolls
 l - a scroll of silence
 E - 5 scrolls of identify {@r1}
 H - a scroll of immolation
 Q - a scroll of vulnerability
 T - 2 scrolls of amnesia
Potions
 c - 3 potions of ambrosia
 k - 5 potions of flight
 o - 5 potions of attraction
 p - 3 potions of invisibility
 s - a potion of berserk rage
 z - 3 potions of magic
 B - 13 potions of curing
 L - 2 potions of cancellation
 M - 4 potions of brilliance
 O - a potion of heal wounds
 P - 3 potions of lignification
 R - 2 potions of haste
Miscellaneous
 I - a box of beasts
 X - a tin of tremorstones (inert)
 Z - a lightning rod (4/4)


   Skills:
 + Level 12.7 Fighting
 - Level 14.0 Short Blades
 - Level 3.3 Polearms
 - Level 12.9 Ranged Weapons
 - Level 5.6 Armour
 - Level 5.5 Dodging
 - Level 8.0 Stealth
 - Level 6.1 Shields
 - Level 6.6 Evocations


You had 5 spell levels left.
You knew the following spells:

 Your Spells              Type           Power      Damage    Failure   Level
a - Apportation           Tloc           0%         N/A       82%         1
b - Poisonous Vapours     Pois/Air       0%         N/A       91%         2
c - Dazzling Flash        Conj/Hex       0%         N/A       99%         3
d - Mephitic Cloud        Conj/Pois/Air  0%         N/A       99%         3

Your spell library contained the following spells:

 Spells                   Type           Power      Damage    Failure   Level
 Magic Dart               Conj           0%         1d3       82%         1
 Call Imp                 Summ           0%         N/A       91%         2
 Scorch                   Fire           0%         2d5       91%         2
 Static Discharge         Conj/Air       0%         N/A       91%         2
 Sublimation of Blood     Necr           0%         N/A       91%         2
 Conjure Flame            Conj/Fire      0%         6-21      99%         3
 Ignite Poison            Fire/Tmut/Pois 0%         N/A       99%         3
 Dispel Undead            Necr           0%         3d6       100%        4
 Flame Wave               Conj/Fire      0%         2d4       100%        4
 Iskenderun's Mystic Bla  Conj/Tloc      0%         2d3       100%        4
 Petrify                  Tmut/Erth      0%         N/A       100%        4
 Sticky Flame             Conj/Fire      0%         2d3       100%        4
 Alistair's Intoxication  Tmut/Pois      0%         N/A       100%        5
 Freezing Cloud           Conj/Ice/Air   0%         6-21      100%        5
 Irradiate                Conj/Tmut      0%         3d13      100%        5
 Starburst                Conj/Fire      0%         6d3       100%        6
 Summon Cactus Giant      Summ           0%         N/A       100%        6
 Chain Lightning          Conj/Air       0%         N/A       100%        9


Dungeon Overview and Level Annotations

Branches:
Dungeon (12/15)            Temple (0/1) D:5            Lair (6/6) D:10
 Shoals (0/4) Lair:4        Snake (0/4) Lair:4        Slime (0/5) Lair:5
    Orc (2/2) D:12            Elf (0/3) Orc:2

Altars:
Cheibriados
Elyvilon
Fedhas
Gozag
Makhleb
Nemelex Xobeh
Sif Muna
Trog
The Shining One

Shops:
D:5 :   D:8 (   D:10 !*   Orc:2 [

Annotations:
D:5 1 runed translucent door, Crazy Yiuf
D:9 2 transporters, Newt's ghost, novice DsAK
D:12 4 runed translucent doors
Lair:3 2 transporters, marklar909's ghost, journeyman PaFi
Orc:2 Azrael


Innate Abilities, Weirdness & Mutations

You have hooves in place of feet.
A meltable icy envelope protects you from harm. (AC +0)
You are partially covered in razor-sharp scales. (AC +1, Slay +1)
A meltable shield of frost defends you. (SH +0)
Your presence sometimes corrodes those you injure.


Message History

You shoot a sling bullet.
The sling bullet hits Azrael but does no damage.
Azrael is splashed with acid!
Azrael seems to be corroded for longer.
Azrael is heavily wounded.
The hell hound misses you. The hell hound breathes flames at you.
The blast of flame misses you.
The blast of flame misses Azrael.
The orc is distracted by your dazzling golden aura.
You block the orc warrior's attack.
Azrael hits you with a +3 scimitar of flaming.
* * * LOW HITPOINT WARNING * * *
Azrael burns you.
* * * LOW HITPOINT WARNING * * *
You block the hell hound's attack.
The hell hound bites you but does no damage.
The orc shouts!
Fire: t) +3 greatsling "Punk" {acid, rCorr}
Press: ? - help, Q - select action, (/) - cycle Shift-Dir - straight line, f/p - Azrael
Aim: Azrael, wielding a +3 scimitar of flaming (moderately wounded, covered in acid, 86% to hit)
You shoot a sling bullet. The sling bullet hits Azrael.
Azrael is splashed with acid.
Azrael seems to be corroded for longer.
Azrael is heavily wounded.
The hell hound closely misses you. The hell hound barely misses you.
The orc warrior barely misses you.
Azrael hits you with a +3 scimitar of flaming!
* * * LOW HITPOINT WARNING * * *
Azrael burns you.
* * * LOW HITPOINT WARNING * * *
The hell hound misses you.
Fire: t) +3 greatsling "Punk" {acid, rCorr}
Press: ? - help, Q - select action, (/) - cycle Shift-Dir - straight line, f/p - Azrael
Aim: Azrael, wielding a +3 scimitar of flaming (heavily wounded, covered in acid, 86% to hit)
You shoot a sling bullet. The sling bullet barely misses Azrael.
The hell hound is distracted by your dazzling golden aura.
The hell hound bites you!
* * * LOW HITPOINT WARNING * * *
The orc warrior hits you from afar with a +0 halberd.
You die...
Your body crumbles into a pile of gold.

..#..#..####§§§§## #.##..##
o..$.....##§§§§§.# ###.....##
..#...$.##§#§§§§## #........##
...$.....$.§.§§§####.........##
.............E§§#..#..........##
..........o°.°.○...............#
..☼......#o.E○#○o.....#.........
.☼.........○E###R....###........
.......#..o.#°#@h......###......
#..........#.oh$$.....###.......
####.....#####$$......###.......
#.#.... ##.............>... #
##.. #................. #.
##...............# ..
##<............## #.##........##
###........##


You could see Azrael (corroded), an orc warrior, 2 hell hounds and an orc.

Vanquished Creatures
  An orc warlord (Orc:1)
  A dire elephant (Lair:4)
  Josephine (Orc:2)
  3 boulder beetles
  6 hydras
  3 catoblepae (Lair:6)
  3 two-headed ogres
  2 centaur warriors (D:12)
  A tengu warrior (D:12)
  17 death yaks
  2 orc high priests (Orc:2)
  3 lindwurms (Lair:2)
  A deep elf pyromancer (D:12)
  3 orc sorcerers
  6 ugly things
  A cyclops (D:12)
  An oklob plant (Lair:1)
  4 manticores
  2 merfolk sirens (Lair:4)
  14 elephants
  2 gargoyles
  4 black mambas
  A torpor snail (Lair:3)
  14 komodo dragons
  19 cane toads
  2 rime drakes (Lair:4)
  An unseen horror (D:11)
  8 polar bears
  9 trolls
  2 merfolk (Lair:4)
  A hornet (D:10)
  Grinder (D:5)
  16 blink frogs
  6 dream sheep
  10 slime creatures
  Sigmund (D:5)
  2 spriggans (Lair:1)
  A vampire (D:12)
  3 shadows
  9 wraiths
  9 wyverns
  4 steam dragons
  46 yaks
  7 basilisks
  3 fire elementals (Orc:2)
  2 vampire mosquitoes
  2 wargs (D:12)
  13 water moccasins
  2 hell hounds (Orc:2)
  14 orc warriors
  2 black bears
  9 ogres
  A sky beast (D:7)
  13 wolves
  15 centaurs
  A phantom (D:4)
  5 kobold brigands
  16 bullfrogs
  A necrophage (D:5)
  2 gnoll sergeants (D:10)
  4 scorpions
  5 wights (D:7)
  6 killer bees
  An electric eel (D:9)
  3 howler monkeys
  3 jellies
  10 orc priests
  6 hounds
  A gnoll shaman (D:5)
  Jessica (D:3)
  Terence (D:3)
  3 iguanas
  15 orc wizards
  A hell rat (Lair:4)
  Robin (D:2)
  18 gnolls
  10 adders
  2 shadow imps
  3 white imps (D:7)
  2 ufetubi
  3 worms (D:2)
  4 dart slugs
  69 orcs
  5 endoplasms
  2 giant cockroaches
  12 hobgoblins
  8 jackals (D:3)
  24 kobolds
  4 quokkas
  8 ball pythons
  2 ball python zombies (D:2)
  7 bats
  A frilled lizard (D:3)
  A giant cockroach zombie (D:2)
  11 goblins
  7 rats
618 creatures vanquished.

Vanquished Creatures (others)
  A cane toad (Lair:4)
  A bush (D:6)
  51 fungi
  75 plants
  2 withered plants (D:2)
130 creatures vanquished.

Grand Total: 748 creatures vanquished

Notes
Turn   | Place    | Note
-------+----------+-------------------------------------------
     0 | D:1      | dolemite99 the Demonspawn Monk began the quest for the Orb.
     0 | D:1      | Reached XP level 1. HP: 18/18 MP: 1/1
    89 | D:1      | Gained mutation: You are partially covered in razor-sharp
                  | scales. (AC +1, Slay +1) [demonic ancestry]
    89 | D:1      | Reached XP level 2. HP: 16/24 MP: 2/2
   624 | D:1      | Reached skill level 1 in Short Blades
   907 | D:2      | Reached XP level 3. HP: 24/29 MP: 3/3
  1160 | D:2      | Reached skill level 2 in Short Blades
  1174 | D:2      | Gained mutation: A meltable shield of frost defends you.
                  | (SH +0) [demonic ancestry]
  1174 | D:2      | Reached XP level 4. HP: 19/35 MP: 4/4
  1670 | D:2      | Found a faded altar of an unknown god.
  1733 | D:2      | Prayed at the altar of an unknown god.
  1733 | D:2      | Became a worshipper of Gozag Ym Sagoz the Greedy
  2453 | D:3      | Noticed Robin
  2610 | D:3      | Noticed Jessica
  2619 | D:2      | Reached skill level 3 in Short Blades
  3527 | D:2      | Killed Robin
  3528 | D:2      | Gained mutation: You have large cloven feet. [demonic
                  | ancestry]
  3528 | D:2      | Reached XP level 5. HP: 34/41 MP: 5/5
  4742 | D:3      | Reached skill level 4 in Short Blades
  4917 | D:3      | Killed Jessica
  5113 | D:3      | Gained mutation: You have hoof-like feet. [demonic
                  | ancestry]
  5113 | D:3      | Reached XP level 6. HP: 37/49 MP: 6/6
  5216 | D:3      | Noticed Terence
  5241 | D:3      | Killed Terence
  5383 | D:3      | Reached skill level 5 in Fighting
  5480 | D:3      | Found a shimmering blue altar of Sif Muna.
  6230 | D:4      | Gained mutation: A meltable icy envelope protects you from
                  | harm. (AC +0) [demonic ancestry]
  6230 | D:4      | Reached XP level 7. HP: 58/58 MP: 7/7
  6389 | D:4      | Found a blossoming altar of Fedhas.
  6527 | D:5      | Entered Level 5 of the Dungeon
  6543 | D:5      | Found a staircase to the Ecumenical Temple.
  6575 | D:5      | Noticed Sigmund
  6611 | D:5      | Killed Sigmund
  7063 | D:5      | Found a runed translucent door.
  7064 | D:5      | Noticed Crazy Yiuf
  7113 | D:5      | Noticed Grinder
  7130 | D:5      | Killed Grinder
  7131 | D:5      | Reached XP level 8. HP: 67/69 MP: 8/8
  7155 | D:5      | Found Kasubif's Book Shop.
  8050 | D:6      | Reached skill level 5 in Short Blades
  8219 | D:6      | Reached skill level 6 in Short Blades
  8442 | D:6      | Reached XP level 9. HP: 72/78 MP: 9/9
  8829 | D:6      | Identified the +0 cloak of the Beggar {Int+4}
  9282 | D:6      | Reached skill level 7 in Short Blades
  9790 | D:7      | Found a snail-covered altar of Cheibriados.
 10064 | D:7      | Reached skill level 8 in Short Blades
 10516 | D:7      | Reached skill level 9 in Short Blades
 10907 | D:8      | Noticed a two-headed ogre
 10924 | D:8      | Killed a two-headed ogre
 10925 | D:8      | Reached skill level 10 in Short Blades
 10925 | D:8      | Reached skill level 1 in Armour
 10925 | D:8      | Reached XP level 10. HP: 84/84 MP: 10/10
 10982 | D:8      | Found Weenoic's Antique Weapon Emporium.
 10993 | D:8      | Bought a jewelled scimitar for 243 gold pieces
 10993 | D:8      | Identified the +3 scimitar of Misery {vorpal, Fragile rC++
                  | Int+3} (You bought it in a shop on level 8 of the Dungeon)
 11417 | D:8      | Found a bloodstained altar of Trog.
 11821 | D:9      | Found a transporter.
 11823 | D:9      | Found a transporter.
 11824 | D:9      | Noticed Newt's ghost (novice DsAK)
 11824 | D:9      | Identified the +5 great mace "Foir Kou" {speed, *Rage rElec
                  | Dex+5}
 11824 | D:9      | Noticed a two-headed ogre
 11824 | D:9      | Noticed a two-headed ogre
 11826 | D:9      | Noticed a two-headed ogre
 11826 | D:9      | Noticed a two-headed ogre
 11866 | D:9      | Noticed a two-headed ogre
 11869 | D:9      | Identified the +11 sling "Xinuat" {flame, rCorr MP+9 Str-2
                  | Int-3}
 11882 | D:9      | Killed a two-headed ogre
 11906 | D:9      | Reached skill level 5 in Armour
 12739 | D:9      | Reached skill level 1 in Ranged Weapons
 12871 | D:10     | Entered Level 10 of the Dungeon
 13812 | D:10     | Found a staircase to the Lair.
 14142 | D:10     | Found a sparkling altar of Nemelex Xobeh.
 14400 | D:11     | Noticed a boulder beetle
 14886 | D:11     | Reached skill level 5 in Ranged Weapons
 14886 | D:11     | Gained mutation: A meltable icy envelope protects you from
                  | harm. (AC +0) [demonic ancestry]
 14886 | D:11     | Reached XP level 11. HP: 44/90 MP: 11/11
 15276 | D:11     | Noticed a boulder beetle
 15388 | D:11     | Killed a boulder beetle
 15706 | D:11     | Noticed a green ugly thing
 15732 | D:11     | Killed a green ugly thing
 15962 | D:11     | Killed a boulder beetle
 16438 | D:11     | Gained mutation: Your presence sometimes corrodes those you
                  | injure. [demonic ancestry]
 16438 | D:11     | Reached XP level 12. HP: 97/97 MP: 12/12
 16968 | Lair:1   | Entered Level 1 of the Lair of Beasts
 17322 | Lair:1   | Reached skill level 1 in Evocations
 18152 | Lair:1   | Found a shimmering blue altar of Sif Muna.
 18949 | Lair:2   | Reached skill level 5 in Evocations
 18955 | Lair:2   | Reached XP level 13. HP: 55/102 MP: 13/13
 19229 | Lair:2   | Learned a level 1 spell: Apportation
 20652 | Lair:3   | Noticed marklar909's ghost (journeyman PaFi)
 20653 | Lair:3   | Found a bloodstained altar of Trog.
 20669 | Lair:3   | Found a transporter.
 20684 | Lair:3   | Found a transporter.
 21490 | Lair:3   | Got Milecoel's Tome of Feathers
 22093 | Lair:4   | Reached skill level 11 in Short Blades
 23340 | Lair:4   | Reached skill level 12 in Short Blades
 23578 | Lair:4   | Found a staircase to the Shoals.
 24039 | Lair:4   | Reached skill level 13 in Short Blades
 24348 | Lair:4   | Noticed a dire elephant
 24384 | Lair:4   | Killed a dire elephant
 24385 | Lair:4   | Reached XP level 14. HP: 29/109 MP: 14/14
 25421 | Lair:4   | Found a staircase to the Snake Pit.
 25949 | Lair:5   | Reached skill level 14 in Short Blades
 26880 | Lair:5   | Reached skill level 5 in Stealth
 27272 | Lair:5   | Found a staircase to the Slime Pits.
 27926 | Lair:6   | Entered Level 6 of the Lair of Beasts
 30246 | Lair:6   | Reached skill level 5 in Dodging
 31019 | Lair:5   | Reached skill level 1 in Shields
 32720 | Lair:6   | Reached skill level 5 in Shields
 33690 | Lair:6   | Gained mutation: You have hooves in place of feet. [demonic
                  | ancestry]
 33690 | Lair:6   | Reached XP level 15. HP: 98/115 MP: 15/15
 34103 | D:10     | Bought a potion of curing for 48 gold pieces
 34103 | D:10     | Bought a potion of curing for 48 gold pieces
 34103 | D:10     | Bought a potion of haste for 160 gold pieces
 34103 | D:10     | Bought 2 potions of invisibility for 256 gold pieces
 34103 | D:10     | Bought a potion of lignification for 48 gold pieces
 34103 | D:10     | Bought a potion of attraction for 48 gold pieces
 34106 | D:10     | Bought a scroll of fear for 42 gold pieces
 34106 | D:10     | Bought a potion of curing for 36 gold pieces
 34366 | D:12     | Found a large runed translucent door.
 34366 | D:12     | Found a large runed translucent door.
 34573 | D:12     | Reached skill level 10 in Fighting
 35213 | D:12     | Found a staircase to the Orcish Mines.
 35290 | D:12     | Found a large runed translucent door.
 35290 | D:12     | Found a large runed translucent door.
 35604 | D:12     | Identified the +2 leather armour of Ibygg {*Slow Str+2
                  | Dex+2}
 35970 | D:10     | Bought the +3 greatsling "Punk" {acid, rCorr} for 375 gold
                  | pieces
 35970 | D:10     | Found the +3 greatsling "Punk" {acid, rCorr}
 36083 | D:10     | Learned a level 2 spell: Poisonous Vapours
 36087 | D:10     | Learned a level 3 spell: Dazzling Flash
 36094 | D:10     | Learned a level 3 spell: Mephitic Cloud
 36199 | Orc:1    | Entered Level 1 of the Orcish Mines
 36204 | Orc:1    | Noticed an orc warlord
 37076 | Orc:1    | Killed an orc warlord
 37693 | Orc:1    | Found a burning altar of Makhleb.
 38078 | Orc:2    | Entered Level 2 of the Orcish Mines
 38078 | Orc:2    | Noticed Azrael
 38291 | Orc:2    | Found Jujogoet's Armour Emporium.
 38530 | Orc:2    | Found a staircase to the Elven Halls.
 38707 | Orc:2    | Noticed Josephine
 38721 | Orc:2    | Killed Josephine
 38789 | Orc:2    | HP: 4/122 [hell hound[Azrael] (7)]
 38789 | Orc:2    | Slain by an orc warrior

Illustrated notes

Levels and vault maps discovered:
D:1:      minmay_arrival_stair_chambers, layout_basic
D:2:      layout_basic, serial_undead, serial_undead_a, serial_undead_f,
          serial_undead_b, serial_undead_a,
          dreamdust_ecumenical_altar_hidden_monk_grotto,
          kennysheep_generic_room_9
D:3:      layout_basic, lemuel_coloured_pillars_altar, hangedman_feature_mirror,
          uniq_robin, uniq_terence, uniq_jessica
D:4:      layout_rooms, kennysheep_little_box
D:5:      kennysheep_steamy, layout_rooms, temple_fountains, serial_shops, shop,
          serial_bayou_pond_d, patterned_corridor, uniq_grinder, uniq_sigmund,
          uniq_crazy_yiuf_cottage
D:6:      layout_rooms, kb_lookout_dungeons_type,
          minmay_fractal_squares_gapless_5
D:7:      layout_rooms, overflow_temple_1_default, minmay_misc_feat_roman,
          minmay_misc_feat_rows, kennysheep_generic_room_6
D:8:      layout_loops_ring, gammafunk_temple_overflow_statue, serial_shops,
          nicolae_shop_overgrown_old_shop
D:9:      layout_rooms, gammafunk_ghost_smash, chequers_serial_rivers_room_b,
          nicolae_water_bricks
D:10:     layout_loops_ring, nemelex_diamond_rough_becter,
          nicolae_elyvilon_peaceful_grove, lair_entry_dummy
D:11:     layout_rooms, minmay_quadrilaterals
D:12:     layout_roguey, david_orc_4, minmay_hollow_rounded_squares
Lair:1:   wad_woods_tower, layout_long_grid, fungi_pond_lemuel,
          minmay_lair_oklob_items, chequers_serial_rivers_micro_d,
          lemuel_centaur_altar
Lair:2:   layout_chaotic_city, nicolae_lair_lindhole
Lair:3:   layout_small_grid, gammafunk_ghost_wrathful_warriors,
          chequers_serial_rivers_micro_b, bh_autumn_forest_stairs, minivault_26
Lair:4:   nzn_winding_woodlands_large [nzn_winding_woodlands_5x5_default,
          nzn_winding_woodlands_5x15_default, nzn_winding_woodlands_hourglass,
          nzn_winding_woodlands_center_lodge,
          nzn_winding_woodlands_15x15_killbox,
          nzn_winding_woodlands_center_garden,
          nzn_winding_woodlands_5x5_perimeter, nzn_winding_woodlands_5x15_twine,
          nzn_winding_woodlands_5x5_open_star], layout_long_grid,
          elwin_shoals_entry_stream, dummy_snake_entry, beast_lair_carwin_10
Lair:5:   layout_regular_city, minmay_slime_entry_pillars, beast_lair_carwin_8
Lair:6:   evilmike_catoblepas_cave, layout_long_grid, grunt_megastairs_3,
          infiniplex_staircase_pool
Orc:1:    layout_caves, nicolae_volcano_entry_lava_flow, basic_altar
Orc:2:    grunt_orc_cross, layout_diamond_mine, serial_shops, shop_coins,
          uniq_azrael, uniq_josephine, uniq_saint_roka

Skill      XL: |  1  2  3  4  5  6  7  8  9 10 11 12 13 14 15 |
---------------+----------------------------------------------+-----
Polearms       | 3 |  3.3
Short Blades   | 1 2 3 4 6 10 13 14 | 14.0
Fighting       | 4 6 8 9 12 | 12.7
Armour         | 1 5 |  5.6
Dodging        | 4 5 |  5.5
Ranged Weapons | 5 11 12 | 12.9
Evocations     | 5 6 |  6.6
Stealth        | 8 |  8.0
Shields        | 5 6 |  6.1

Action                   |  1- 3 |  4- 6 |  7- 9 | 10-12 | 13-15 || total
-------------------------+-------+-------+-------+-------+-------++-------
Melee: Spear             |    18 |       |       |    50 |       ||    68
       Dagger            |    70 |   226 |   413 |   306 |    24 ||  1039
       Punch             |     1 |     2 |     8 |     9 |     1 ||    21
       Rapier            |       |       |       |       |    78 ||    78
       Kick              |       |       |       |       |     1 ||     1
 Fire: Sling             |       |       |       |   252 |  1181 ||  1433
       Greatsling        |       |       |       |       |   196 ||   196
Throw: Stone             |     4 |     6 |    27 |       |       ||    37
       Dart              |       |    22 |    27 |    45 |     3 ||    97
Invok: Potion Petition   |       |       |     1 |     4 |     3 ||     8
       Call Merchant     |       |       |       |       |     2 ||     2
Evoke: Wand              |       |       |    12 |     5 |    10 ||    27
       Tin of tremorston |       |       |       |       |     5 ||     5
  Use: Scroll            |     1 |    11 |     6 |    15 |    20 ||    53
       Potion            |       |       |     4 |     6 |     4 ||    14
 Stab: Sleeping          |     3 |     3 |     1 |       |       ||     7
       Distracted        |     1 |     2 |     1 |     1 |       ||     5
       Invisible         |       |       |       |     2 |     1 ||     3
Armor: Robe              |    21 |       |       |       |       ||    21
       Leather armour    |       |    64 |   174 |    14 |       ||   252
       Skin              |       |       |    63 |       |       ||    63
       Scale mail        |       |       |       |   238 |   525 ||   763
Dodge: Dodged            |    49 |   133 |   226 |   233 |   413 ||  1054
Block: Other             |       |    47 |    82 |    75 |    91 ||   295
       Buckler           |       |       |       |       |   171 ||   171

Table legend: (Time is in decaauts)
 A = Elapsed time spent in this place.
 B = Non-inter-level travel time spent in this place.
 C = Inter-level travel time spent in this place.
 D = Time resting spent in this place.
 E = Time spent auto-exploring this place.
 F = Levels seen in this place.
 G = Mean time per level.
                   A        B        C        D        E       F      G
               +--------+--------+--------+--------+--------+-----+--------+
         Total |  38536 |  37243 |   1293 |  18208 |  12101 |  20 | 1926.8 |
       Dungeon |  19966 |  19066 |    900 |   8480 |   6720 |  12 | 1663.8 |
          Lair |  16821 |  16468 |    353 |   8891 |   4889 |   6 | 2803.5 |
  Orcish Mines |   1748 |   1709 |     39 |    837 |    492 |   2 |  874.0 |
               +--------+--------+--------+--------+--------+-----+--------+

Top non-repeatable levels by time:
  Lair:6: 5480 daAuts
     D:2: 3848 daAuts
  Lair:5: 2994 daAuts
  Lair:4: 2914 daAuts
    D:12: 2694 daAuts
    D:10: 2379 daAuts
  Lair:3: 2163 daAuts
    D:11: 1953 daAuts
  Lair:1: 1721 daAuts
     D:6: 1629 daAuts
     D:5: 1626 daAuts
  Lair:2: 1548 daAuts
     D:9: 1207 daAuts
     D:8: 1135 daAuts
     D:3: 1064 daAuts
